 Dungeon Crawl Stone Soup version 0.27-a0-686-gaed091b46b (webtiles) character file.

Game seed: 1227061770977443789

346 wakim the Ruffian (level 6, -2/61 HPs)
             Began as a Troll Fighter on Mar 20, 2021.
             Killed by divine providence
             ... invoked by an orc priest
              (8 damage)
             ... on level 4 of the Dungeon.
             The game lasted 00:05:45 (2132 turns).

wakim the Ruffian (Troll Fighter)                   Turns: 2132, Time: 00:05:45

Health: -2/61      AC:  4    Str: 27    XL:     6   Next: 32%
Magic:  5/5        EV:  8    Int:  4    God:
Gold:   198        SH:  9    Dex:  9    Spells: 5/5 levels left

rFire    . . .     SeeInvis .     - Unarmed
rCold    . . .     Faith    .   b - +0 kite shield
rNeg     . . .     Spirit   .   a - +0 robe
rPois    .         Reflect  .   (helmet restricted)
rElec    .         Harm     .   (no cloak)
rCorr    .         Rampage  .   (gloves unavailable)
Will     .....                  (boots unavailable)
Stlth    +.........             d - amulet of the acrobat
HPRegen  1.20/turn              (no ring)
MPRegen  0.09/turn              (no ring)

@: no status effects
A: large, unfitting armour, claws 3, regeneration 1, shaggy fur 1, tough skin 1
a: no special abilities


You were on level 4 of the Dungeon.
You visited 1 branch of the dungeon, and saw 4 of its levels.

You collected 198 gold pieces.

Inventory:

Armour
 a - a +0 robe (worn)
 b - a +0 kite shield (worn)
Jewellery
 d - an amulet of the acrobat (around neck)
Wands
 h - a wand of acid (5)
Scrolls
 Z - a scroll of identify {@r1}
Potions
 c - a potion of berserk rage {unknown}
 e - 2 potions of curing {unknown}
 g - a potion of haste {unknown}
 i - a potion of heal wounds {unknown}
 j - 3 potions of brilliance {unknown}
 l - a potion of lignification {unknown}
 M - a potion of might


   Skills:
 + Level 3.3 Fighting
 + Level 3.4 Dodging
 + Level 3.3 Shields
 * Level 4.5 Unarmed Combat


You had 5 spell levels left.
You didn't know any spells.
Your spell library contained the following spells:

 Spells                   Type           Power      Damage    Failure   Level
 Animate Skeleton         Necr           0%         N/A       88%         1
 Apportation              Tloc           0%         N/A       88%         1
 Corona                   Hex            0%         N/A       88%         1
 Magic Dart               Conj           0%         1d3       88%         1
 Summon Small Mammal      Summ           0%         N/A       88%         1
 Blink                    Tloc           N/A        N/A       96%         2
 Call Imp                 Summ           0%         N/A       96%         2
 Slow                     Hex            0%         N/A       96%         2
 Conjure Flame            Conj/Fire      0%         6-21      99%         3
 Mephitic Cloud           Conj/Pois/Air  0%         N/A       99%         3


Dungeon Overview and Level Annotations

Branches:
Dungeon (4/15)
 Temple: D:4-7

Altars:
Ru
Uskayaw
Yredelemnul

Shops:
D:1 :


Innate Abilities, Weirdness & Mutations

You are too large for most types of armour.
You have claws for hands.
Your natural rate of healing is unusually fast.
You are covered in fur. (AC +1)
You have tough skin. (AC +1)


Message History

The orc priest is heavily wounded.
The orc priest looks encouraged for a moment.
You claw the orc priest!
You kill the orc priest!
The orc priest mumbles some strange prayers to Beogh against you.
Beogh smites you!
* * * LOW HITPOINT WARNING * * *
You closely miss the orc priest. The orc priest hits you.
* * * LOW HITPOINT WARNING * * *
You barely miss the orc priest. You scratch the orc priest.
The orc priest is heavily wounded.
The orc priest looks encouraged for a moment.
The orc priest hits you.
* * * LOW HITPOINT WARNING * * *
You scratch the orc priest.
The orc priest is severely wounded.
The orc priest calls down the wrath of Beogh upon you.
You barely resist. You closely miss the orc priest.
The orc priest is severely wounded.
The orc priest begins to cast a cantrip, but forgets the words!
The orc priest mumbles some strange prayers to Beogh against you.
Pain shoots through your body!
* * * LOW HITPOINT WARNING * * *
You barely miss the orc priest.
The orc priest is severely wounded.
The orc priest calls down the wrath of Beogh upon you.
Beogh smites you!
* * * LOW HITPOINT WARNING * * *
You scratch the orc priest.
You kill the orc priest!
The orc priest mumbles some strange prayers to Beogh against you.
Beogh smites you!
* * * LOW HITPOINT WARNING * * *
You claw the orc priest!
The orc priest is almost dead.
The orc priest invokes the aid of Beogh against you.
Beogh smites you!
You die...

########..#
..........#
###########.##
#...........#
#.########### #)#
####.######
#.........#
#@###.###.########
#o# #.# #..s.s....
.o. #.# #########.
........ #.
#.#.#.... #o
#.#.###### #.
#.#.# ## # #.#
#### .....


You could see 2 orc priests.

Vanquished Creatures
  A scorpion (D:4)
  3 orc priests (D:4)
  A hound (D:3)
  An orc wizard (D:4)
  7 adders
  A white imp (D:3)
  2 oozes (D:2)
  5 worms
  2 dart slugs
  2 leopard geckos (D:1)
  2 orcs (D:4)
  4 giant cockroaches
  12 goblins
  3 hobgoblins
  4 kobolds
  9 bats
  3 frilled lizards
  8 rats
70 creatures vanquished.

Notes
Turn   | Place    | Note
-------+----------+-------------------------------------------
     0 | D:1      | wakim the Troll Fighter began the quest for the Orb.
     0 | D:1      | Reached XP level 1. HP: 22/22 MP: 0/0
   108 | D:1      | Reached XP level 2. HP: 29/29 MP: 1/1
   354 | D:1      | Found Ivosk's Book Emporium.
   492 | D:2      | Found a hide-covered altar of Uskayaw.
   535 | D:2      | Reached XP level 3. HP: 36/36 MP: 2/2
   665 | D:2      | Reached skill level 3 in Unarmed Combat
   666 | D:2      | Found a basalt altar of Yredelemnul.
   784 | D:2      | Reached XP level 4. HP: 44/44 MP: 3/3
  1158 | D:3      | Found a sacrificial altar of Ru.
  1490 | D:3      | Reached XP level 5. HP: 29/53 MP: 4/4
  2078 | D:4      | Reached skill level 4 in Unarmed Combat
  2112 | D:4      | Reached XP level 6. HP: 60/61 MP: 5/5
  2132 | D:4      | Killed from afar by an orc priest

Illustrated notes

Levels and vault maps discovered:
D:1:      arrival_zaba_pyramid, layout_rooms, serial_shops,
          nicolae_shop_statue_plus
D:2:      layout_loops_ring, yredelemnul_altar_generic,
          overflow_temple_1_default, minivault_24
D:3:      minmay_wonky_spiral, layout_basic, hangedman_ru_absence, st_stairs_14
D:4:      layout_loops_ring, lemuel_coloured_pillars_altar,
          nicolae_kikubaaqudgha_miasma_corner

Skill      XL: |  1  2  3  4  5 |
---------------+----------------+-----
Unarmed Combat | 3 4 |  4.5
Fighting       | 3 |  3.3
Dodging        | 3 |  3.4
Shields        | 3 |  3.3

Action                   |  1- 3 |  4- 6 || total
-------------------------+-------+-------++-------
Melee: Unarmed           |    83 |   130 ||   213
  Use: Scroll            |       |     8 ||     8
 Stab: Sleeping          |       |     1 ||     1
Armor: Robe              |    29 |    14 ||    43
Dodge: Dodged            |    29 |    30 ||    59
Block: Kite shield       |    37 |    36 ||    73

Table legend: (Time is in decaauts)
 A = Elapsed time spent in this place.
 B = Non-inter-level travel time spent in this place.
 C = Inter-level travel time spent in this place.
 D = Time resting spent in this place.
 E = Time spent auto-exploring this place.
 F = Levels seen in this place.
 G = Mean time per level.
                   A        B        C        D        E       F      G
               +--------+--------+--------+--------+--------+-----+--------+
         Total |   2163 |   2073 |     90 |      0 |   1518 |   4 |  540.8 |
       Dungeon |   2163 |   2073 |     90 |      0 |   1518 |   4 |  540.8 |
               +--------+--------+--------+--------+--------+-----+--------+

Top non-repeatable levels by time:
     D:3: 884 daAuts
     D:2: 639 daAuts
     D:1: 495 daAuts
     D:4: 144 daAuts
